 Dungeon Crawl Stone Soup version 0.29.1-13-g9f3cf754e1 (webtiles) character file.

Game seed: 10404657216067837668

226 Vulpanium the Grave Robber (level 5, -5/38 HPs)
             Began as a Draconian Necromancer on Jan 22, 2023.
             Slain by an iguana (9 damage)
             ... on level 4 of the Dungeon.
             The game lasted 00:11:29 (3857 turns).

Vulpanium the Grave Robber (Draconian Necromancer)  Turns: 3857, Time: 00:11:30

Health: -5/38      AC:  5    Str: 10    XL:     5   Next: 69%
Magic:  0/10       EV: 12    Int: 18    God:
Gold:   159        SH:  0    Dex: 11    Spells: 10/11 levels left

rFire   . . .      SeeInvis .   u - +0 dagger (holy)
rCold   . . .      Faith    .   (no shield)
rNeg    . . .      Spirit   .   (body armour unavailable)
rPois   .          Reflect  .   (helmet restricted)
rElec   .          Harm     .   (no cloak)
rCorr   .          Rampage  .   (no gloves)
Will    +....                   (no boots)
Stlth   ++........              (no amulet)
HPRegen 0.12/turn               q - ring of willpower
MPRegen 0.12/turn               (no ring)

@: no status effects
A: AC +5, unfitting armour, cold-blooded
a: no special abilities


You were on level 4 of the Dungeon.
You visited 1 branch of the dungeon, and saw 4 of its levels.

You collected 159 gold pieces.

Inventory:

Hand Weapons
 b - a +0 dagger
 u - a +0 dagger of holy wrath (weapon)
Missiles
 c - 3 atropa-tipped darts
 g - a throwing net
Magical Staves
 p - a staff of cold
Jewellery
 q - a ring of willpower (left hand)
 t - a ring of protection from cold
Wands
 l - a wand of charming (17)
Scrolls
 d - 4 scrolls of amnesia {unknown}
 h - 2 scrolls of magic mapping {unknown}
 i - 3 scrolls of enchant weapon {unknown}
 j - a scroll of fear {unknown}
 k - 4 scrolls of identify {unknown}
 n - a scroll of noise {unknown}
 o - 2 scrolls of vulnerability {unknown}
 s - a scroll of teleportation {unknown}
 v - a scroll of poison {unknown}
Potions
 a - 2 potions of magic
 e - 3 potions of curing {unknown}
 f - a potion of haste {unknown}
 m - 3 potions of might {unknown}
 r - 2 potions of heal wounds {unknown}


   Skills:
 + Level 0.1 Short Blades
 + Level 2.0 Dodging
 + Level 2.2 Stealth
 + Level 3.9 Spellcasting
 + Level 5.5 Necromancy


You had 10 spell levels left.
You knew the following spells:

 Your Spells              Type           Power      Damage    Failure   Level
a - Necrotise             Necr           92%        1d8       1%          1

Your spell library contained the following spells:

 Spells                   Type           Power      Damage    Failure   Level
 Sublimation of Blood     Necr           23%        N/A       2%          2
 Vampiric Draining        Necr           23%        2d7       4%          3
 Apportation              Tloc           6%         N/A       16%         1
 Animate Dead             Necr           23%        N/A       16%         4
 Ensorcelled Hibernation  Hex/Ice        6%         N/A       22%         2
 Passwall                 Tmut/Erth      2%         N/A       22%         2
 Wereblood                Tmut           3%         N/A       22%         2
 Agony                    Necr           23%        N/A       38%         5
 Spider Form              Tmut/Pois      3%         N/A       41%         3
 Swiftness                Air            3%         N/A       41%         3
 Anguish                  Hex/Necr       6%         N/A       43%         4
 Malign Gateway           Summ/Tloc      1%         N/A       100%        7
 Summon Hydra             Summ           1%         N/A       100%        7
 Summon Horrible Things   Summ           1%         N/A       100%        8


Dungeon Overview and Level Annotations

Branches:
Dungeon (4/15)
 Temple: D:4-7

Altars:
Trog


Innate Abilities, Weirdness & Mutations

Your plain brown scales are hard. (AC +5)
You cannot fit into any form of body armour.
You are cold-blooded and may be slowed by cold attacks.


Message History

The iguana bites you but does no damage.
You barely miss the iguana.
The iguana is heavily wounded.
The iguana bites you.
You closely miss the iguana.
Your tail-slap misses the iguana.
The iguana is heavily wounded.
The iguana misses you.
You closely miss the iguana.
The iguana is heavily wounded.
The iguana bites you.
Aiming: Necrotise (safe; 1% risk of failure)
Press: ? - help, Q - select action, (/) - cycle Shift-Dir - straight line, f/p - iguana
Aim: an iguana (heavily wounded, chance to affect: 87%)
The iguana writhes in agony.
The iguana bites you.
* * * LOW HITPOINT WARNING * * *
Aiming: Necrotise (safe; 1% risk of failure)
Press: ? - help, Q - select action, (/) - cycle Shift-Dir - straight line, f/p - iguana
Aim: an iguana (heavily wounded, chance to affect: 87%)
The iguana writhes in agony.
The iguana bites you but does no damage.
You hit the iguana but do no damage.
You tail-slap the iguana, but do no damage.
The iguana is almost dead.
The iguana bites you.
* * * LOW HITPOINT WARNING * * *
You hit the iguana.
The iguana is almost dead.
The iguana misses you.
You hit the iguana but do no damage.
Your tail-slap misses the iguana.
The iguana is almost dead.
The iguana bites you.
* * * LOW HITPOINT WARNING * * *
You closely miss the iguana.
The iguana is almost dead.
The iguana closely misses you.
You hit the iguana but do no damage.
Your tail-slap misses the iguana.
The iguana is almost dead.
The iguana bites you!
You die...

. . ##. ..#
#)# #)# #l#
#@# #)# #.#
#<#
#...........
#..###.#####
#?. .# #. #
#.


You could see an iguana.

Vanquished Creatures
  A scorpion (D:4)
  An iguana (D:4)
  3 gnolls (D:4)
  3 adders
  A worm (D:2)
  2 dart slugs (D:3)
  10 orcs (D:3)
  5 ball pythons
  7 bats
  5 endoplasms
  3 giant cockroaches
  7 goblins
  5 hobgoblins
  4 quokkas
  4 frilled lizards
  3 kobolds
  5 rats
69 creatures vanquished.

Vanquished Creatures (collateral kills)
  A frilled lizard (D:1)
1 creature vanquished.

Vanquished Creatures (others)
  A fungus (D:2)
1 creature vanquished.

Grand Total: 71 creatures vanquished

Notes
Turn   | Place    | Note
-------+----------+-------------------------------------------
     0 | D:1      | Vulpanium the Draconian Necromancer began the quest for the
                  | Orb.
     0 | D:1      | Reached XP level 1. HP: 14/14 MP: 3/3
   697 | D:1      | Reached XP level 2. HP: 20/20 MP: 3/5
  1478 | D:2      | Found a faded altar of an unknown god.
  1483 | D:2      | Got Plato's Precepts of the Tesseract
  1589 | D:2      | Reached XP level 3. HP: 26/26 MP: 1/6
  1907 | D:2      | Found a bloodstained altar of Trog.
  2544 | D:3      | Reached skill level 5 in Necromancy
  2628 | D:3      | Reached XP level 4. HP: 33/33 MP: 2/7
  3414 | D:4      | Noticed a scorpion
  3423 | D:4      | Killed a scorpion
  3424 | D:4      | Reached XP level 5. HP: 26/38 MP: 1/10
  3857 | D:4      | Slain by an iguana

Illustrated notes

Levels and vault maps discovered:
D:1:      evilmike_arrival_crescent, layout_basic,
          chequers_serial_rivers_micro_b
D:2:      layout_loops_cross, basic_altar, shapermc_ecumenical_altar_rom_forum
D:3:      layout_rooms, mrwooster_statue_mirror
D:4:      layout_loops_ring, serial_undead, serial_undead_d, serial_undead_f,
          serial_undead_c, serial_undead_b, serial_shops,
          nicolae_shop_window_shopping, nicolae_take_the_stairs, st_stairs_8,
          uniq_menkaure, uniq_eustachio

Skill      XL: |  1  2  3  4 |
---------------+-------------+-----
Dodging        | 2 |  2.0
Stealth        | 2 |  2.2
Necromancy     | 5 |  5.5
Spellcasting   | 3 |  3.9
Short Blades   | |  0.1

Action                   |  1- 3 |  4- 6 || total
-------------------------+-------+-------++-------
Melee: Dagger            |    31 |    25 ||    56
       Tailslap          |     5 |     5 ||    10
 Cast: Necrotise         |    74 |    56 ||   130
 Stab: Held in net/web   |     1 |       ||     1
       Distracted        |     1 |       ||     1
Armor: Skin              |    10 |     6 ||    16
Dodge: Dodged            |    31 |    18 ||    49
